 Dungeon Crawl Stone Soup version 0.27.1-33-g824d729ab1 (webtiles) character file.

Game seed: 9683855598075869546

0 sking99 the Charlatan (level 1, -2/16 HPs)
             Began as a Palentonga Artificer on Dec 10, 2021.
             Slain by a kobold (4 damage)
             ... on level 1 of the Dungeon.
             The game lasted 00:00:29 (35 turns).

sking99 the Charlatan (Palentonga Artificer)          Turns: 35, Time: 00:00:30

Health: -2/16      AC:  4    Str: 15    XL:     1   Next: 8%
Magic:  1/1        EV:  9    Int: 11    God:
Gold:   10         SH:  0    Dex: 10    Spells: 0/0 levels left

rFire    . . .     SeeInvis +   a - +0 club
rCold    . . .     Faith    .   (no shield)
rNeg     . . .     Spirit   .   b - +0 leather armour
rPois    .         Reflect  .   (no helmet)
rElec    .         Harm     .   (no cloak)
rCorr    .         Rampage  .   (no gloves)
Will     .....                  (no barding)
Stlth    +.........             (no amulet)
HPRegen  0.05/turn              (no ring)
MPRegen  0.07/turn              (no ring)

@: no status effects
A: large, rugged brown scales 3, see invisible, deformed body, roll 1, armoured
tail
a: Rolling Charge


You were on level 1 of the Dungeon.
You visited 1 branch of the dungeon, and saw 1 of its levels.

You collected 10 gold pieces.

Inventory:

Hand Weapons
 a - a +0 club (weapon)
Armour
 b - a +0 leather armour (worn)
Wands
 c - a wand of flame (14) (quivered)
 d - a wand of charming (15)
Scrolls
 f - a scroll of teleportation {unknown}
Miscellaneous
 e - a piece from Xom's chessboard (15/15)


   Skills:
 + Level 1.0 Fighting
 + Level 0.0 Maces & Flails
 + Level 1.5 Armour
 + Level 0.7 Dodging
 - Level 0.5 Stealth
 + Level 2.7 Evocations


You couldn't memorise any spells.
You didn't know any spells.
Your spell library was empty.

Dungeon Overview and Level Annotations

Branches:
Dungeon (1/15)

Altars:


Innate Abilities, Weirdness & Mutations

You are completely covered in rugged brown scales. (AC +3, +7% HP)
You have supernaturally acute eyesight. (SInv)
Armour fits poorly on your strangely shaped body.
You can roll at nearby foes to attack.
You have a long armoured tail.


Message History

The bat hits you but does no damage.
You barely miss the bat.
The bat is moderately wounded.
The bat hits you but does no damage. The bat closely misses you.
You hit the bat.
Your tail-slap misses the bat.
The bat is severely wounded.
The bat closely misses you.
Found 12 gold pieces.
The bat hits you but does no damage.
Found 10 gold pieces.
The bat barely misses you. The bat hits you but does no damage.
The bat barely misses you. The bat hits you but does no damage.
You hit the bat.
You kill the bat!
No target in view!
f - a scroll labelled PIACAD XITEOM A kobold comes into view.
It is wielding a +0 short sword.
The kobold shouts!
You see here 10 gold pieces.
You now have 10 gold pieces.
The kobold hits you but does no damage.
You hit the kobold.
The kobold is heavily wounded.
The kobold hits you with a +0 short sword.
You hit the kobold.
The kobold is severely wounded.
The kobold hits you with a +0 short sword.
You barely miss the kobold.
The kobold is severely wounded.
The kobold hits you but does no damage.
The kobold hits you with a +0 short sword.
You hit the kobold but do no damage.
The kobold is severely wounded.
The kobold hits you with a +0 short sword.
* * * LOW HITPOINT WARNING * * *
Aiming: Throw Flame
Press: ? - help, Shift-Dir - straight line, f - kobold
Aim: a kobold, wielding a +0 short sword (severely wounded, 64% to hit)
The puff of flame misses the kobold.
The kobold hits you with a +0 short sword.
You die...

#.###. #..... #.
###.#.#. ###. #.......
#...########.#.#.#.
#.##...##......#.#
#.#.....##.#.###.##
###........#......<..
#..K@......#.#.###.##
......##$..†.........#.#
##### ##......###.#.#.#
#......# #......
#...##.#.## ###.#.# ####
#.#.# ..... #.#.# ###.
#.#.. . #.###


You could see a kobold.

Vanquished Creatures
  A bat (D:1)
1 creature vanquished.

Notes
Turn   | Place    | Note
-------+----------+-------------------------------------------
     0 | D:1      | sking99 the Palentonga Artificer began the quest for the
                  | Orb.
     0 | D:1      | Reached XP level 1. HP: 16/16 MP: 1/1
    35 | D:1      | Slain by a kobold

Illustrated notes

Levels and vault maps discovered:
D:1:      roderic_chinese_lattice_arrival, layout_loops_ring,
          shapermc_ecumenical_altar_venn, minmay_pentomino_t2

Action                   || total
-------------------------++-------
Melee: Club              ||     8
Evoke: Wand              ||     1
Armor: Leather armour    ||     7
Dodge: Dodged            ||     4
